 Dungeon Crawl Stone Soup version 0.30-a0-462-gd5975efbca (webtiles) character file.

Game seed: 17790541264590628813

199 oldriver the Shooter (level 5, -6/41 HPs)
             Began as a Barachi Hexslinger on Dec 17, 2022.
             Killed from afar by an orc wizard (11 damage)
             ... with a puff of flame
             ... on level 3 of the Dungeon.
             The game lasted 00:04:06 (2903 turns).

oldriver the Shooter (Barachi Hexslinger)           Turns: 2903, Time: 00:04:06

Health: -6/41      AC:  8    Str: 12    XL:     5   Next: 77%
Magic:  6/6        EV:  4    Int: 13    God:
Gold:   134        SH:  0    Dex: 14    Spells: 5/6 levels left

rFire   . . .      SeeInvis .    a - +1 sling (freeze)
rCold   . . .      Faith    .    h - +0 kite shield
rNeg    . . .      Spirit   .    g - +0 chain mail
rPois   .          Reflect  .    (no helmet)
rElec   .          Harm     .    (no cloak)
rCorr   .          Rampage  .    (no gloves)
Will    .....                    (no boots)
Stlth   ..........               (no amulet)
HPRegen 0.26/turn                (no ring)
MPRegen 0.10/turn                (no ring)

@: confused, slow
A: amphibious, slowness 1, strong legs 1, +LOS
a: Hop


You were on level 3 of the Dungeon.
You visited 1 branch of the dungeon, and saw 4 of its levels.

You collected 134 gold pieces.

Inventory:

Hand Weapons
 a - a +1 sling of freezing (weapon)
Armour
 g - a +0 chain mail (worn)
 h - a +0 kite shield (worn)
Wands
 m - a wand of paralysis (3)
Scrolls
 b - a scroll of poison
 d - 2 scrolls of fear
 e - a scroll of enchant weapon {unknown}
 k - 2 scrolls of teleportation {unknown}
 l - 2 scrolls of identify
 n - a scroll of amnesia
 o - a scroll of enchant armour {unknown}
 p - a scroll of silence {unknown}
Potions
 c - a potion of lignification {unknown}
 f - a potion of might {unknown}
 i - a potion of curing {unknown}
 j - 2 potions of haste


   Skills:
 + Level 3.2 Fighting
 * Level 4.1 Ranged Weapons
 + Level 2.1 Armour
 - Level 2.1 Dodging
 + Level 2.0 Shields
 - Level 1.1 Spellcasting
 - Level 3.2 Hexes


You had 5 spell levels left.
You knew the following spells:

 Your Spells              Type           Power      Damage    Failure   Level
a - Slow                  Hex            36%        N/A       100%        1

Your spell library contained the following spells:

 Spells                   Type           Power      Damage    Failure   Level
 Beastly Appendage        Tmut           0%         N/A       100%        1
 Wereblood                Tmut           0%         N/A       100%        2
 Gell's Gravitas          Tloc           0%         N/A       100%        3
 Inner Flame              Hex/Fire       4%         N/A       100%        3
 Portal Projectile        Hex/Tloc       8%         N/A       100%        3
 Spider Form              Tmut/Pois      0%         N/A       100%        3
 Teleport Other           Tloc           0%         N/A       100%        3
 Cause Fear               Hex            4%         N/A       100%        4
 Dispersal                Tloc           0%         N/A       100%        6


Dungeon Overview and Level Annotations

Branches:
Dungeon (4/15)
 Temple: D:4-7

Altars:
Uskayaw
Zin

Shops:
D:1 !


Innate Abilities, Weirdness & Mutations

You are amphibious.
You cover ground slowly.
You can hop short distances.
You have an extended range of vision and can be seen from far away.


Message History

There is a stone staircase leading up here.
There are monsters nearby!
There are monsters nearby!
You shoot a sling bullet.
The sling bullet closely misses the orc wizard.
The orc priest hits you from afar with a +0 trident.
The orc wizard mumbles some strange words.
The orc wizard flickers and vanishes!
Deactivating autopickup; reactivate with Ctrl-A.
You shoot a sling bullet.
The sling bullet hits the orc priest but does no damage.
The orc priest calls down the wrath of Beogh upon you.
Beogh smites you! Something hits you but does no damage. Something hits you.
The orc priest mumbles some strange prayers to Beogh against you.
Pain shoots through your body!
* * * LOW HITPOINT WARNING * * *
Something hits you but does no damage.
The orc priest invokes the aid of Beogh against you.
You barely resist.
You climb upwards.
Reactivating autopickup.
There is a stone staircase leading down here.
Unknown command.
You shoot a sling bullet. Something hits you.
* * * LOW HITPOINT WARNING * * *
Deactivating autopickup; reactivate with Ctrl-A.
Something hits you but does no damage.
You shoot a sling bullet.
Something hits you but does no damage. x2
You shoot a sling bullet. Something hits you.
* * * LOW HITPOINT WARNING * * *
You block something's attack.
You shoot a sling bullet. Something hits you.
* * * LOW HITPOINT WARNING * * *
You hear some strange, mumbled words.
You are confused.
You bump into the rock wall.
You hear some strange, mumbled words.
A puff of flame appears from out of thin air!
The puff of flame hits you!
You die...

###################
#.(...............##
#.########.#.###...###
#.# #.#......#.... #.#
##...###...### #.#
##.## ##.##
#.#########.# #.###
#..##@{.....# #...##
##.##.####### ###.#.
#.##.# #... #.##.#
#.#. #.##.# #.#.
#.##.## #.#.
#.##..#### ####.#.
#.)......# #....#.
#........# ###.##.#.


There were no monsters in sight!

Vanquished Creatures
  An orc wizard (D:3)
  A scorpion zombie (D:4)
  A hound zombie (D:4)
  5 adders
  A river rat (D:3)
  An adder zombie (D:4)
  2 worms
  A dart slug (D:2)
  6 orcs
  5 endoplasms
  4 giant cockroaches
  7 goblins
  3 hobgoblins
  7 jackals
  2 quokkas
  5 ball pythons
  4 bats (D:1)
  3 frilled lizards
  A kobold (D:1)
  9 rats
69 creatures vanquished.

Notes
Turn   | Place    | Note
-------+----------+-------------------------------------------
     0 | D:1      | oldriver the Barachi Hexslinger began the quest for the
                  | Orb.
     0 | D:1      | Reached XP level 1. HP: 15/15 MP: 2/2
   105 | D:1      | Found Yskaux's Distillery.
   179 | D:1      | Reached XP level 2. HP: 22/22 MP: 3/3
   759 | D:2      | You fall into a shaft and drop 1 floor!
   974 | D:2      | Found a hide-covered altar of Uskayaw.
  1002 | D:2      | Reached XP level 3. HP: 24/27 MP: 4/4
  1055 | D:2      | Reached skill level 3 in Ranged Weapons
  1194 | D:2      | Found a faded altar of an unknown god.
  1353 | D:2      | Reached skill level 1 in Armour
  1423 | D:2      | Reached skill level 1 in Shields
  1658 | D:3      | Reached XP level 4. HP: 32/34 MP: 5/5
  2065 | D:3      | Reached XP level 5. HP: 40/40 MP: 6/6
  2548 | D:3      | Found a glowing silver altar of Zin.
  2706 | D:4      | Reached skill level 4 in Ranged Weapons
  2903 | D:3      | Killed from afar by an orc wizard

Illustrated notes

Levels and vault maps discovered:
D:1:      dpeg_arrival_tiny_d, layout_basic, serial_shops, nicolae_diamond_shop
D:2:      layout_basic, basic_altar, shapermc_ecumenical_altar_starsandcircs,
          chequers_serial_rivers_marsh
D:3:      layout_loops_ring, zin_scriptorium, portal_sewer_entry_c
D:4:      layout_loops_corners, nicolae_ru_sacrificial_ziggurat,
          ebering_ghost_disaster_area, serial_undead, serial_undead_c,
          serial_undead_e, serial_undead_e, serial_undead_f, serial_undead_b,
          serial_undead_d, chequers_big_river, nicolae_take_the_stairs,
          uniq_duvessa

Skill      XL: |  1  2  3  4  5 |
---------------+----------------+-----
Fighting       | 2 3 |  3.2
Ranged Weapons | 3 4 |  4.1
Armour         | 1 2 |  2.1
Shields        | 1 2 |  2.0
Dodging        | |  2.1
Spellcasting   | |  1.1
Hexes          | |  3.2

Action                   |  1- 3 |  4- 6 || total
-------------------------+-------+-------++-------
 Fire: Sling             |   121 |   117 ||   238
 Abil: Hop               |     3 |     2 ||     5
  Use: Scroll            |     4 |       ||     4
Armor: Chain mail        |   103 |   118 ||   221
Dodge: Dodged            |    28 |    27 ||    55
Block: Kite shield       |    22 |    72 ||    94

Table legend: (Time is in decaauts)
 A = Elapsed time spent in this place.
 B = Non-inter-level travel time spent in this place.
 C = Inter-level travel time spent in this place.
 D = Time resting spent in this place.
 E = Time spent auto-exploring this place.
 F = Levels seen in this place.
 G = Mean time per level.
                   A        B        C        D        E       F      G
               +--------+--------+--------+--------+--------+-----+--------+
         Total |   3502 |   3418 |     84 |    439 |   2272 |   4 |  875.5 |
       Dungeon |   3502 |   3418 |     84 |    439 |   2272 |   4 |  875.5 |
               +--------+--------+--------+--------+--------+-----+--------+

Top non-repeatable levels by time:
     D:3: 1380 daAuts
     D:2: 1008 daAuts
     D:1: 924 daAuts
     D:4: 189 daAuts
